 Dungeon Crawl Stone Soup version 0.18-a0-674-g00855b9 (webtiles) character file.

130235 Gorice the Spry (level 16, -23/81 HPs)
             Began as a Felid Wanderer on Dec 4, 2015.
             Was the Champion of Sif Muna.
             Killed from afar by Nikola (39 damage)
             ... with a chain lightning
             ... on level 3 of the Snake Pit on Dec 6, 2015.
             The game lasted 07:09:29 (80698 turns).

Gorice the Spry (Felid Wanderer)                   Turns: 80698, Time: 07:09:31

Health: -23/81     AC:  3    Str:  7    XL:     16   Next: 52%
Magic:  4/35       EV: 33    Int: 18    God:    Sif Muna [******]
Gold:   3050       SH:  0    Dex: 19    Spells: 13 memorised, 2 levels left
                                        Lives:  0   Deaths: 5

rFire  + . .     SeeInvis +       - Unarmed
rCold  . . .     Clarity  .     (armour unavailable)
rNeg   . . .     SustAt   .     (shield unavailable)
rPois  +         Gourm    .     (helmet unavailable)
rElec  .         Spirit   .     (cloak unavailable)
rCorr  +         Dismiss  .     (gloves unavailable)
rMut   .         Stasis   .     (boots unavailable)
MR     ++...                    s - amulet of resist corrosion
Stlth  +++.......               O - ring of poison resistance
                                w - ring of fire

@: quick, very resistant to hostile enchantments, fairly stealthy
A: no armour, no weapons or thrown items, claws 1, fangs 3, see invisible,
carnivore 3, speed 1, shaggy fur 3, slow metabolism 1, sharp paws
a: Channel Energy, Forget Spell, Renounce Religion


You were on level 3 of the Snake Pit.
You worshipped Sif Muna.
Sif Muna was exalted by your worship.
You were not hungry.

You visited 6 branches of the dungeon, and saw 35 of its levels.
You also visited: Sewer and Ice Cave.

You collected 3624 gold pieces.
You spent 574 gold pieces at shops.

Inventory:

Jewellery
 b - an uncursed ring of teleportation
 c - an uncursed ring of fire
 r - an uncursed ring of positive energy
 s - an amulet of resist corrosion (around neck)
 w - a ring of fire (left paw)
 L - an uncursed ring of sustain attributes
 N - an uncursed ring of protection from fire
 O - a ring of poison resistance (right paw)
 R - a +3 ring of intelligence
 W - an uncursed ring of positive energy
 Y - an uncursed ring of protection from cold
Wands
 g - a wand of digging (10)
 i - a wand of disintegration (18)
 k - a wand of paralysis (2)
 m - a wand of draining (6)
 n - a wand of lightning (14)
 y - a wand of disintegration (4)
 I - a wand of paralysis (16)
 J - a wand of cold (4)
 M - a wand of draining (0)
 P - a wand of polymorph (11)
Scrolls
 e - 7 scrolls of teleportation {!r}
 h - 2 scrolls of amnesia
 o - a scroll of summoning {!r}
 q - 2 scrolls of blinking
 u - 2 scrolls of magic mapping {!r}
 A - 13 scrolls of remove curse
 E - 4 scrolls of fog
 G - 15 scrolls of identify
 Q - 2 scrolls of holy word {!r}
 S - 2 scrolls of recharging
 U - a scroll of fear {!r}
 V - a scroll of silence {!r}
Potions
 a - 3 potions of flight
 f - a potion of resistance {!q}
 j - 5 potions of curing
 p - 3 potions of cancellation {!q}
 t - 2 potions of invisibility {!q}
 v - 4 potions of haste {!q}
 z - 5 potions of ambrosia {!q}
 B - 9 potions of agility {!q}
 C - a potion of magic {!q}
 F - 4 potions of berserk rage
 K - 4 potions of might {!q}
 X - a potion of heal wounds {!q}
Books
 x - a book of Burglary
 T - Qabuun's Handbook of Enchanting Combat Magic
   (Sif Muna gifted it to you on level 2 of the Snake Pit)

   Spells                             Type                      Level
   a - Shock                          Conjuration/Air              1
   b - Dazzling Spray                 Conjuration/Hexes            3
   c - Fulminant Prism                Conjuration/Hexes            4
   d - Bolt of Cold                   Conjuration/Ice              6
   e - Bolt of Fire                   Conjuration/Fire             6
Miscellaneous
 H - a box of beasts
Comestibles
 d - 11 meat rations {!e}
 l - 4 beef jerkies


   Skills:
 - Level 15.0 Fighting
 - Level 16.0 Dodging
 - Level 2.6 Stealth
 - Level 7.0 Unarmed Combat
 + Level 14.9 Spellcasting
 - Level 12.0 Conjurations
 - Level 5.0 Hexes
 + Level 8.9 Summonings
 - Level 10.0 Translocations
 - Level 12.0 Fire Magic
 - Level 1.0 Air Magic
 + Level 5.6 Invocations


You had 2 spell levels left.
You knew the following spells:

 Your Spells              Type           Power        Failure   Level  Hunger
a - Flame Tongue          Conj/Fire      #####        1%          1    None
b - Magic Dart            Conj           ####         1%          1    None
c - Conjure Flame         Conj/Fire      ######..     1%          3    None
d - Dazzling Spray        Conj/Hex       #####...     1%          3    None
e - Sticky Flame          Conj/Fire      ######..     1%          4    None
f - Fireball              Conj/Fire      ######....   1%          5    ####...
g - Bolt of Magma         Conj/Fire/Erth ######....   6%          5    ####...
h - Aura of Abjuration    Summ           #####.....   3%          5    ####...
i - Bolt of Fire          Conj/Fire      ######....   8%          6    #####..
A - Apportation           Tloc           #####.....   1%          1    None
B - Summon Butterflies    Summ           #####...     1%          1    None
P - Phase Shift           Tloc           #####.....   2%          5    ####...
S - Swiftness             Chrm/Air       ###.....     8%          2    None


Dungeon Overview and Level Annotations

Branches:
Dungeon (15/15)            Temple (1/1) D:5            Lair (8/8) D:11
  Swamp (4/4) Lair:6        Snake (3/4) Lair:4        Slime (0/6) Lair:7
    Orc (4/4) D:10            Elf (0/3) Orc:4        Vaults (0/5) D:13
 Depths (0/5) D:15

Altars:
Ashenzari
Cheibriados
Dithmenos
Elyvilon
Fedhas
Gozag
Kikubaaqudgha
Makhleb
Nemelex Xobeh
Okawaru
Pakellas
Qazlal
Ru
Sif Muna
Trog
Vehumet
Xom
Yredelemnul
Zin
The Shining One
Beogh
Jiyva

Shops:
D:4 *   D:5 ?   D:9 }   D:12 [   D:13 [   Orc:1 [   Orc:4 %**[

Annotations:
Lair:3 Rupert
Swamp:4 Lernaean hydra
Snake:3 Nikola, Wiglaf


Innate Abilities, Weirdness & Mutations

You cannot wear armour.
You are incapable of wielding weapons or throwing items.
You have sharp claws.
You have razor-sharp teeth.
You have supernaturally acute eyesight.
You are carnivorous and can eat meat at any time.
You cover ground quickly.
Your thick and shaggy fur keeps you warm (AC +3, rC+).
You have a slow metabolism.
Your sharp claws are effective at attacking unaware monsters.


Message History

Nikola is moderately wounded.
Casting: Fireball
Confirm with . or Enter, or press ? or * to list all spells.
Aiming: Sticky Flame
Press: ? - help, Shift-Dir - straight line, f/p - Nikola
Aim: Nikola, wielding a rapier of electrocution, wearing a cloak and wearing a pair of gloves (moderately wounded)
You feel a surge of power!
The sticky flame hits Nikola.
Nikola is heavily wounded.
Nikola is covered in liquid flames!
Nikola burns!
Nikola completely misses you.
Unknown command.
Casting: Sticky Flame
Confirm with . or Enter, or press ? or * to list all spells.
Aiming: Fireball
Press: ? - help, Shift-Dir - straight line, p - Nikola You feel a surge of power!
The fireball explodes!
The fireball engulfs Nikola.
Nikola is severely wounded.
Nikola burns!
Nikola hits you with a rapier of electrocution!!
You are electrocuted!
Damage: 30 (max 30) Unknown command.
Casting: Fireball
Confirm with . or Enter, or press ? or * to list all spells.
Aiming: Fireball
Press: ? - help, Shift-Dir - straight line You feel a surge of power!
The fireball explodes!
The fireball engulfs Nikola.
Nikola is severely wounded.
Nikola burns!
Nikola asks, "Are you insulated?"
Nikola casts a spell.
Nikola blinks!
Unknown command.
You channel some magical energy.
You feel somewhat more hungry.
Nikola burns!
Unknown command.
Casting: Fireball
Confirm with . or Enter, or press ? or * to list all spells.
Aiming: Fireball
Press: ? - help, Shift-Dir - straight line, f - Nikola
Aim: Nikola, wielding a rapier of electrocution, wearing a cloak and wearing a pair of gloves (severely wounded, covered in liquid flames)
You feel a surge of power!
The fireball explodes!
The fireball engulfs Nikola.
Nikola is almost dead.
Nikola burns!
Unknown command.
You channel some magical energy.
You feel somewhat more hungry.
Nikola burns!
Nikola gestures wildly while chanting.
You hear a mighty clap of thunder!
The lightning arc hits you!
* * * LOW HITPOINT WARNING * * *
The lightning arc hits Nikola.
The lightning arc hits you!
You die...

#...# #...#
#...# #.<)#
#..## #...#
##### #...#
#...# #...#
...# #...#
#.[[# #..[#
#...# #...#
#...# #...#
....# #...#
#..)# #...#
.#..# #...#
#..)# #[..#
#...# #.###
#.@)###...#
#...# ###
#...@.....#
#...#
#......#..#
#...#
#...###...#
....# #.###
#...# ...##
### #...#
#.## #รท..#
.## #...#
## #....
#...# #
#....#
#...#


You could see Nikola (burning).

Vanquished Creatures
  A quicksilver dragon (shapeshifter) (D:15)
  2 thorn hunters
  Agnes (D:15)
  Frances (Swamp:1)
  5 greater nagas
  Donald (Snake:1)
  Aizul (Snake:2)
  An orc warlord (Orc:4)
  Nessos (Orc:4)
  Josephine (D:11)
  21 hydras
  An ice dragon (D:15)
  9 naga warriors
  10 centaur warriors
  5 catoblepae
  Erica (Lair:2)
  11 anacondas
  3 ghost crabs
  A tengu warrior (D:13)
  14 alligators
  20 death yaks
  3 naga sharpshooters
  An ogre mage (D:13)
  5 orc high priests
  8 shock serpents
  5 unseen horrors
  4 naga ritualists
  8 swamp dragons
  A spriggan druid (Swamp:3)
  A flayed ghost (D:12)
  3 shambling mangroves
  A lindwurm (Lair:5)
  2 hill giants (D:15)
  5 mana vipers
  8 cyclopes
  2 hornets
  6 orc sorcerers
  2 manticores (D:13)
  6 orc knights
  A griffon (D:14)
  9 ugly things
  A water nymph (shapeshifter) (D:13)
  10 salamanders
  30 elephants
  Maurice (D:11)
  4 centaur zombies
  22 black mambas
  2 gargoyles
  3 ice statues (IceCv)
  6 centaur skeletons
  3 guardian serpents
  9 naga magi
  23 spiny frogs
  15 komodo dragons
  3 fire drakes
  A tengu conjurer (D:15)
  A komodo dragon (shapeshifter) (D:13)
  A freezing wraith (D:14)
  The ghost of Archteshnor the Covert, a novice VSAs (D:5)
  14 giant leeches
  5 trolls
  5 two-headed ogres
  A giant leech (shapeshifter) (D:13)
  2 polar bears
  15 bog bodies
  12 blink frogs
  28 slime creatures
  2 centaur simulacra (D:14)
  5 shadows
  3 deep elf magi
  Sigmund (D:3)
  65 yaks
  9 spriggans
  9 basilisks
  15 fire bats (D:12)
  3 water elementals
  7 wraiths
  A wyvern (D:10)
  32 vampire mosquitoes
  A human (D:8)
  20 swamp worms
  5 hungry ghosts
  18 hippogriffs
  17 insubstantial wisps
  A mottled dragon (D:15)
  19 wolves
  26 nagas
  2 deep elf fighters
  11 water moccasins
  3 wargs
  14 swamp drakes
  16 porcupines
  3 black bears
  An eye of draining (D:15)
  4 phantoms
  2 necrophages (D:7)
  16 wasps
  23 centaurs
  52 orc warriors
  9 ice beasts
  4 sky beasts
  25 ogres
  2 big kobolds
  18 crocodiles
  30 giant frogs
  A wyvern skeleton (D:12)
  A scorpion (D:15)
  2 water moccasin skeletons
  19 killer bees
  10 electric eels
  13 wights
  2 vampire bats (Lair:6)
  A quasit (D:9)
  A giant frog zombie (D:12)
  8 hounds
  2 jellies
  33 orc wizards
  10 crimson imps
  A gnoll shaman (D:8)
  3 giant frog skeletons
  7 hell rats
  Crazy Yiuf (D:3)
  9 iguanas
  38 orc priests
  11 worker ants
  A killer bee zombie (D:11)
  39 sheep
  A hound zombie (D:6)
  2 hound skeletons (D:7)
  3 worker ant zombies
  9 gnolls
  45 river rats
  4 shadow imps
  13 adders
  An adder skeleton (D:4)
  2 oozes
  An adder zombie (D:3)
  4 worms
  4 giant geckos
  249 orcs
  A ball python (D:2)
  72 bats
  5 giant cockroaches
  2 goblins (D:2)
  8 hobgoblins
  24 jackals
  9 quokkas
  9 giant newts
  14 kobolds
  2 quokka skeletons
  A quokka zombie (D:5)
  17 rats
  A bush (Lair:7)
  3 fungi
1623 creatures vanquished.

Vanquished Creatures (others)
  An orc warrior (Orc:4)
  2 river rats (Lair:7)
  An orc (Orc:2)
  A hobgoblin (D:1)
  A bush (Lair:2)
  128 fungi
  58 plants
192 creatures vanquished.

Grand Total: 1815 creatures vanquished

Notes
Turn   | Place    | Note
--------------------------------------------------------------
     0 | D:1      | Gorice the Felid Wanderer began the quest for the Orb.
     0 | D:1      | Gorice set off with: a book of Flames, Pexymaeh's Grimoire of Attacks, a potion of lignification {!q}, a meat ration {!e}
     0 | D:1      | Reached XP level 1. HP: 9/9 MP: 4/4
     0 | D:1      | Identified Pexymaeh's Grimoire of Attacks
     2 | D:1      | Learned a level 1 spell: Magic Dart
     4 | D:1      | Learned a level 1 spell: Flame Tongue
   461 | D:1      | --Wow, I think that's the least xp I've ever gained on D1 only 75% xpl1!
   618 | D:2      | Found a shimmering altar of Xom.
   663 | D:2      | Reached XP level 2. HP: 10/12 MP: 0/6
   854 | D:2      | Reached skill level 2 in Fire Magic
   888 | D:2      | Reached skill level 1 in Conjurations
   946 | D:2      | Reached XP level 3. HP: 15/15 MP: 1/7
  1368 | D:2      | Found a blossoming altar of Fedhas.
  1706 | D:2      | Reached skill level 2 in Conjurations
  1997 | D:2      | --First hobgob of the game!
  2044 | D:3      | Found a glowing drain.
  2058 | D:3      | Reached XP level 4. HP: 19/19 MP: 6/9
  2094 | D:3      | Noticed Sigmund
  2315 | D:3      | Learned a level 3 spell: Conjure Flame
  2316 | Sewer    | Entered a sewer
  2570 | Sewer    | Noticed a big kobold
  2924 | Sewer    | Killed a big kobold
  2924 | Sewer    | Reached skill level 3 in Spellcasting
  2924 | Sewer    | Reached skill level 3 in Conjurations
  2924 | Sewer    | Reached XP level 5. HP: 22/22 MP: 8/10
  2982 | Sewer    | Found a white marble altar of Elyvilon.
  3123 | D:3      | Noticed Crazy Yiuf
  3288 | D:3      | HP: 6/22 [orc priest/divine providence (14)]
  3860 | D:3      | Reached skill level 3 in Fire Magic
  4079 | D:3      | Gained mutation: You are covered in thick fur (AC +2). [Felid growth]
  4079 | D:3      | Reached XP level 6. HP: 25/25 MP: 7/12
  4457 | D:4      | Found a glowing silver altar of Zin.
  4461 | D:4      | Found a snail-covered altar of Cheibriados.
  4462 | D:4      | Found a basalt altar of Yredelemnul.
  4463 | D:4      | Found a shadowy altar of Dithmenos.
  4465 | D:4      | Found an iron altar of Okawaru.
  4468 | D:4      | Found a shattered altar of Ashenzari.
  4490 | D:4      | Found Cuirojap's Assorted Antiques.
  4623 | D:4      | Found an opulent altar of Gozag.
  4706 | D:4      | Reached skill level 4 in Conjurations
  4711 | D:4      | Learned a level 3 spell: Dazzling Spray
  4915 | D:4      | Reached skill level 4 in Spellcasting
  4980 | D:4      | Reached XP level 7. HP: 28/28 MP: 9/14
  5646 | D:5      | Entered Level 5 of the Dungeon
  5732 | D:5      | Reached skill level 4 in Fire Magic
  5792 | D:5      | HP: 7/28 [centaur/arrow (13)]
  6073 | D:5      | Noticed Archteshnor's ghost (novice VSAs)
  6252 | D:5      | Upgraded the game from 0.18-a0-640-g2c992fa to 0.18-a0-659-gb9673d2
  6297 | D:5      | Reached skill level 5 in Conjurations
  6372 | D:5      | Found a staircase to the Ecumenical Temple.
  6440 | Temple   | Entered the Ecumenical Temple
  6491 | Temple   | Became a worshipper of Sif Muna the Loreminder
  6526 | D:5      | Found Oqaupt's Magic Scroll Shop.
  7068 | D:5      | Reached skill level 1 in Hexes
  7068 | D:5      | Reached XP level 8. HP: 32/32 MP: 8/15
  7223 | D:5      | Reached * piety under Sif Muna
  7223 | D:5      | Reached skill level 2 in Hexes
  7223 | D:5      | Reached skill level 5 in Fire Magic
  7229 | D:5      | Learned a level 4 spell: Sticky Flame
  7331 | D:5      | Found a snail-covered altar of Cheibriados.
  7749 | D:6      | Reached skill level 6 in Conjurations
  8196 | D:6      | Reached skill level 3 in Hexes
  8425 | D:6      | Reached skill level 5 in Spellcasting
  8834 | D:6      | Reached ** piety under Sif Muna
  8834 | D:6      | Reached skill level 6 in Fire Magic
  8967 | D:7      | Reached skill level 4 in Hexes
  9201 | D:7      | Reached XP level 9. HP: 20/35 MP: 7/17
  9222 | D:7      | HP: 8/35 [killer bee (3)]
  9227 | D:7      | HP: 3/35 [killer bee (4)]
  9232 | D:7      | HP: 2/35 [poisoned by a killer bee]
 10198 | D:7      | Reached skill level 7 in Conjurations
 10708 | D:4      | Reached skill level 5 in Hexes
 10740 | D:4      | Bought a scroll labeled PAENU DOKISUO for 26 gold pieces
 10740 | D:4      | Bought a yellow potion for 23 gold pieces
 10740 | D:4      | Bought a golden potion for 23 gold pieces
 10740 | D:4      | Bought a scroll labeled DIECLE ZEYLUOCK for 26 gold pieces
 10740 | D:4      | Bought a scroll labeled LOUPIJ PIOPITA for 26 gold pieces
 11034 | D:5      | Bought a scroll of identify for 20 gold pieces
 11034 | D:5      | Bought a scroll of identify for 20 gold pieces
 11396 | D:8      | HP: 10/35 [centaur/arrow (8)]
 11402 | D:8      | Reached *** piety under Sif Muna
 11883 | D:8      | Reached skill level 7 in Fire Magic
 11900 | D:8      | --phew - halberd of distortion!
 12101 | D:8      | Reached skill level 6 in Spellcasting
 12108 | D:8      | Learned a level 5 spell: Fireball
 12403 | D:8      | Reached skill level 8 in Conjurations
 12447 | D:8      | Found a sacrificial altar of Ru.
 12454 | D:8      | Reached **** piety under Sif Muna
 12645 | D:8      | Reached XP level 10. HP: 21/39 MP: 5/20
 13161 | D:3      | Killed Sigmund
 13161 | D:3      | Reached skill level 8 in Fire Magic
 13243 | D:3      | Killed Crazy Yiuf
 13465 | D:5      | Bought a scroll of identify for 20 gold pieces
 13465 | D:5      | Bought a scroll of identify for 20 gold pieces
 13465 | D:5      | Bought a scroll of amnesia for 35 gold pieces
 13465 | D:5      | Bought a scroll of fear for 35 gold pieces
 13493 | D:5      | Killed Archteshnor's ghost
 13493 | D:5      | Reached ***** piety under Sif Muna
 14111 | D:9      | Found an oddly glowing altar of Pakellas.
 14111 | D:9      | Found Pakellas's Prime Provisions.
 14338 | D:9      | Reached skill level 9 in Conjurations
 14982 | D:10     | Entered Level 10 of the Dungeon
 15016 | D:10     | Reached skill level 9 in Fire Magic
 15377 | D:10     | Reached skill level 7 in Spellcasting
 15614 | D:10     | Reached ****** piety under Sif Muna
 15614 | D:10     | Received a gift from Sif Muna
 16000 | D:10     | Noticed an unseen horror
 16091 | D:10     | Killed an unseen horror
 16091 | D:10     | Reached XP level 11. HP: 28/42 MP: 13/22
 16235 | D:10     | Found a staircase to the Orcish Mines.
 16430 | D:10     | Reached skill level 10 in Conjurations
 16802 | D:11     | Noticed a centaur warrior
 16814 | D:11     | HP: 7/42 [centaur warrior (6)]
 16817 | D:11     | Killed a centaur warrior
 16953 | D:11     | Noticed an unseen horror
 16972 | D:11     | Noticed Maurice
 16979 | D:11     | HP: 10/42 [unseen horror (8)]
 16982 | D:11     | Killed an unseen horror
 17224 | D:11     | Killed Maurice
 17409 | D:11     | Reached skill level 10 in Fire Magic
 17801 | D:11     | HP: 11/42 [centaur (3)]
 18254 | D:11     | Noticed an unseen horror
 18257 | D:11     | Killed an unseen horror
 18462 | D:11     | Annihilated by a white ugly thing
 18463 | D:11     | Reached XP level 10. HP: -22/39 MP: 7/22
 18463 | D:11     | Killed a white ugly thing
 18466 | D:11     | Received a gift from Sif Muna
 18469 | D:11     | Identified Sif Muna's Handbook of Venomous Battle Magic (Sif Muna gifted it to you on level 11 of the Dungeon)
 18523 | D:11     | Found a staircase to the Lair.
 18896 | D:11     | Reached skill level 8 in Spellcasting
 18930 | D:11     | Reached skill level 11 in Conjurations
 19121 | D:11     | Noticed Josephine
 19169 | D:11     | HP: 3/39 [Josephine/ghostly fireball (20)]
 19174 | D:11     | Killed Josephine
 19174 | D:11     | Reached XP level 11. HP: 25/42 MP: 1/24
 19588 | Lair:1   | Entered Level 1 of the Lair of Beasts
 20651 | Lair:1   | HP: 12/42 [poisoned by a spiny frog]
 20656 | Lair:1   | HP: 10/42 [poisoned by a spiny frog]
 20662 | Lair:1   | HP: 9/42 [poisoned by a spiny frog]
 20670 | Lair:1   | HP: 8/42 [poisoned by a spiny frog]
 20962 | Lair:2   | Reached skill level 11 in Fire Magic
 21751 | Lair:2   | Noticed Erica
 21776 | Lair:2   | Killed Erica
 22570 | Lair:3   | Received a gift from Sif Muna
 22571 | Lair:3   | Identified Sif Muna's Almanac of Lethal Enchantment (Sif Muna gifted it to you on level 3 of the Lair of Beasts)
 23159 | Lair:3   | Noticed Rupert
 24470 | Lair:4   | Reached skill level 12 in Conjurations
 24475 | Lair:4   | Gained mutation: Your thick and shaggy fur keeps you warm (AC +3, rC+). [Felid growth]
 24475 | Lair:4   | Reached XP level 12. HP: 40/45 MP: 5/25
 24603 | Lair:4   | HP: 10/45 [black mamba (17)]
 24604 | Lair:4   | Reached skill level 12 in Fire Magic
 24859 | Lair:4   | Reached skill level 2 in Dodging
 24859 | Lair:4   | Reached skill level 9 in Spellcasting
 24913 | Lair:4   | HP: 2/46 [elephant (16)]
 24913 | Lair:4   | Slain by an elephant
 24914 | Lair:4   | Reached XP level 11. HP: 0/42 MP: 2/25
 25023 | Lair:4   | Reached skill level 2 in Fighting
 25023 | Lair:4   | Reached skill level 3 in Dodging
 25594 | Lair:4   | Reached skill level 3 in Fighting
 25594 | Lair:4   | Reached skill level 4 in Dodging
 26099 | Lair:4   | Reached skill level 5 in Dodging
 26946 | Lair:4   | Reached skill level 4 in Fighting
 27225 | Lair:4   | HP: 13/46 [elephant (16)]
 27491 | Lair:4   | Reached skill level 6 in Dodging
 28000 | Lair:4   | Reached XP level 12. HP: 25/51 MP: 7/26
 28166 | Lair:4   | Reached skill level 5 in Fighting
 28258 | Lair:4   | Reached skill level 7 in Dodging
 28430 | Lair:4   | Found a staircase to the Snake Pit.
 28621 | Lair:4   | HP: 11/51 [elephant (19)]
 28625 | Lair:4   | Slain by an elephant
 28626 | Lair:4   | Reached XP level 11. HP: -3/48 MP: 1/25
 29110 | Lair:5   | Reached skill level 8 in Dodging
 29182 | Lair:5   | Reached skill level 6 in Fighting
 29385 | Lair:5   | Noticed a lindwurm
 29560 | Lair:5   | Noticed a seven-headed hydra
 29681 | Lair:5   | Killed a lindwurm
 30177 | Lair:5   | Killed a seven-headed hydra
 30177 | Lair:5   | Reached skill level 9 in Dodging
 30177 | Lair:5   | Reached skill level 10 in Spellcasting
 30432 | Lair:5   | Reached XP level 12. HP: 53/53 MP: 8/27
 30529 | Lair:5   | Reached skill level 7 in Fighting
 31506 | Lair:5   | Reached skill level 10 in Dodging
 32325 | Lair:6   | Reached skill level 8 in Fighting
 33114 | Lair:6   | Found a staircase to the Swamp.
 33268 | Lair:6   | You fall through a shaft!
 33304 | Lair:7   | Noticed a catoblepas
 33544 | Lair:6   | Noticed a four-headed hydra
 33550 | Lair:6   | Killed a four-headed hydra
 34319 | Lair:7   | Reached skill level 11 in Dodging
 34320 | Lair:7   | Reached XP level 13. HP: 59/59 MP: 3/28
 34783 | Lair:7   | Reached skill level 9 in Fighting
 35178 | Lair:7   | Found a viscous altar of Jiyva.
 35179 | Lair:7   | Found a staircase to the Slime Pits.
 35588 | Lair:7   | Learned a level 1 spell: Apportation
 36231 | Lair:8   | Entered Level 8 of the Lair of Beasts
 36371 | Lair:7   | Received a gift from Sif Muna
 36372 | Lair:7   | Identified Sif Muna's Handbook of Scorching Attacks (Sif Muna gifted it to you on level 7 of the Lair of Beasts)
 36507 | Lair:7   | Learned a level 5 spell: Bolt of Magma
 36596 | Lair:8   | Reached skill level 12 in Dodging
 37528 | Lair:8   | HP: 13/61 [something/blast of calcifying dust (7)]
 37915 | Lair:8   | --Damn GDA this time!
 38152 | Lair:8   | Reached skill level 11 in Spellcasting
 38253 | Lair:8   | Reached skill level 10 in Fighting
 38700 | Lair:8   | Reached skill level 13 in Dodging
 39189 | Lair:7   | Reached XP level 14. HP: 40/66 MP: 9/30
 40153 | D:12     | Found Hautikodgh's Armour Shoppe.
 40816 | D:12     | Reached skill level 11 in Fighting
 41734 | D:12     | Reached skill level 14 in Dodging
 42807 | D:12     | Found a burning altar of Makhleb.
 43375 | D:12     | Found a runed door.
 43384 | D:12     | Found a bloodstained altar of Trog.
 43392 | D:12     | Found a basalt altar of Yredelemnul.
 43442 | D:12     | Found a radiant altar of Vehumet.
 43460 | D:12     | Found a sacrificial altar of Ru.
 43469 | D:12     | Found a glowing silver altar of Zin.
 43869 | D:13     | Found Fitax's Antique Armour Emporium.
 45537 | D:13     | Found a gate to the Vaults.
 45740 | D:13     | Reached skill level 15 in Dodging
 45913 | D:13     | Reached skill level 12 in Fighting
 46782 | D:13     | Found an iron altar of Okawaru.
 47296 | D:13     | Reached XP level 15. HP: 50/72 MP: 12/31
 48967 | D:14     | HP: 18/73 [centaur warrior (12)]
 49496 | D:15     | Entered Level 15 of the Dungeon
 50091 | D:15     | Reached skill level 12 in Spellcasting
 50171 | D:15     | Reached skill level 16 in Dodging
 50657 | D:15     | Reached skill level 13 in Fighting
 50901 | D:15     | Upgraded the game from 0.18-a0-659-gb9673d2 to 0.18-a0-674-g00855b9
 51326 | D:15     | Noticed Agnes
 51331 | D:15     | Killed Agnes
 51335 | D:15     | --vampiric lajatang - damn!
 51727 | D:15     | Noticed a quicksilver dragon
 51747 | D:15     | HP: 8/74 [quicksilver dragon (shapeshifter)/bolt of dispelling energy (32)]
 51749 | D:15     | Killed a quicksilver dragon
 52689 | D:15     | Found a staircase to the Depths.
 52962 | Lair:1   | Learned a level 1 spell: Summon Butterflies
 53123 | Orc:1    | Entered Level 1 of the Orcish Mines
 53241 | Orc:1    | Found a frozen archway.
 53290 | IceCv    | Entered an ice cave
 54246 | Orc:1    | Found Cixzirorr's Armour Shop.
 55208 | Orc:2    | Reached skill level 14 in Fighting
 55681 | Orc:3    | You fall through a shaft!
 55681 | Orc:4    | Entered Level 4 of the Orcish Mines
 57256 | Orc:4    | Found a roughly hewn altar of Beogh.
 57397 | Orc:4    | Noticed Nessos
 57427 | Orc:4    | Killed Nessos
 57984 | Orc:4    | Found a staircase to the Elven Halls.
 58535 | Orc:4    | Paralysed by an orc sorcerer for 4 turns
 58687 | Orc:4    | Found Qiomag's Armour Shop.
 58700 | Orc:4    | Reached XP level 16. HP: 80/80 MP: 15/33
 59010 | Orc:4    | Found a roughly hewn altar of Beogh.
 59212 | Orc:4    | Found Xiulup's General Store.
 59230 | Orc:4    | Bought an uncursed ring of poison resistance for 300 gold pieces
 59407 | Orc:4    | Found Bippiust's Assorted Antiques.
 59584 | Orc:4    | Found Relidam's Food Shoppe.
 59649 | Orc:4    | Reached skill level 13 in Spellcasting
 60397 | Swamp:1  | Entered Level 1 of the Swamp
 61012 | Swamp:1  | Reached skill level 15 in Fighting
 61380 | Swamp:1  | Reached skill level 1 in Translocations
 61520 | Swamp:1  | Reached skill level 1 in Summonings
 61880 | Swamp:1  | Noticed Frances
 61890 | Swamp:1  | Killed Frances
 61890 | Swamp:1  | Received a gift from Sif Muna
 61890 | Swamp:1  | Reached skill level 2 in Translocations
 61891 | Swamp:1  | Identified Sif Muna's Disquisition on Feathery Combat Magic (Sif Muna gifted it to you on level 1 of the Swamp)
 62107 | Swamp:1  | Reached skill level 2 in Unarmed Combat
 62277 | Swamp:1  | Reached skill level 2 in Summonings
 62630 | Swamp:2  | Reached skill level 3 in Translocations
 62842 | Swamp:2  | HP: 10/81 [five-headed hydra (16)]
 63711 | Swamp:2  | Reached skill level 3 in Unarmed Combat
 63711 | Swamp:2  | Reached skill level 4 in Translocations
 63783 | Swamp:2  | Reached skill level 3 in Summonings
 64899 | Swamp:2  | Reached skill level 5 in Translocations
 66083 | Swamp:3  | Reached skill level 4 in Unarmed Combat
 66186 | Swamp:3  | Reached skill level 4 in Summonings
 66208 | Swamp:3  | HP: 21/81 [five-headed hydra (6)]
 66208 | Swamp:3  | HP: 6/81 [five-headed hydra (15)]
 66213 | Swamp:3  | Demolished by a slime creature
 66214 | Swamp:3  | Reached XP level 15. HP: -14/77 MP: 7/33
 66256 | Swamp:3  | Reached skill level 6 in Translocations
 67016 | Swamp:3  | HP: 23/77 [spectral alligator[a ghost crab] (7)]
 67829 | Swamp:2  | Noticed a thorn hunter
 67833 | Swamp:2  | Killed a thorn hunter
 68151 | Swamp:3  | Received a gift from Sif Muna
 68159 | Swamp:3  | Learned a level 5 spell: Phase Shift
 68352 | Swamp:4  | Entered Level 4 of the Swamp
 68362 | Swamp:3  | HP: 17/77 [vampire mosquito (12)]
 68368 | Swamp:3  | Reached XP level 16. HP: 18/81 MP: 4/34
 68679 | Swamp:3  | Reached skill level 5 in Summonings
 68679 | Swamp:3  | Reached skill level 7 in Translocations
 68689 | Swamp:3  | Reached skill level 5 in Unarmed Combat
 69718 | Swamp:4  | HP: 18/81 [bog body/bolt of cold (30)]
 70154 | Swamp:4  | Reached skill level 8 in Translocations
 70446 | Swamp:4  | Reached skill level 6 in Unarmed Combat
 71052 | Swamp:4  | Reached skill level 6 in Summonings
 71474 | Swamp:4  | Reached skill level 14 in Spellcasting
 71990 | Swamp:4  | Noticed the 27-headed Lernaean hydra
 72184 | Lair:1   | Learned a level 5 spell: Aura of Abjuration
 72253 | Snake:1  | Entered Level 1 of the Snake Pit
 72275 | Snake:1  | HP: 23/81 [naga warrior/scimitar (6)]
 72307 | Snake:1  | HP: 23/81 [anaconda (3)]
 72311 | Snake:1  | Reached skill level 9 in Translocations
 73495 | Snake:1  | Noticed Donald
 73723 | Snake:1  | Killed Donald
 74249 | Snake:1  | HP: 21/81 [salamander/enchanted halberd (4)]
 74528 | Snake:2  | Reached skill level 7 in Unarmed Combat
 75182 | Snake:2  | Reached skill level 7 in Summonings
 75466 | Snake:1  | Reached skill level 10 in Translocations
 75663 | Snake:2  | HP: 18/81 [anaconda (14)]
 75664 | Snake:2  | HP: 7/81 [anaconda (4)]
 75671 | Snake:2  | Reached skill level 1 in Invocations
 75921 | Snake:2  | Noticed Aizul
 75933 | Snake:2  | Killed Aizul
 76035 | Snake:2  | Learned a level 2 spell: Swiftness
 76278 | Snake:2  | Received a gift from Sif Muna
 76278 | Snake:2  | Reached skill level 2 in Invocations
 76286 | Snake:2  | Identified Qabuun's Handbook of Enchanting Combat Magic (Sif Muna gifted it to you on level 2 of the Snake Pit)
 76294 | Snake:2  | Learned a level 6 spell: Bolt of Fire
 76752 | Snake:2  | Reached XP level 17. HP: 85/85 MP: 15/36
 76756 | Snake:2  | Reached skill level 3 in Invocations
 77142 | Snake:1  | HP: 23/85 [anaconda (3)]
 78081 | Snake:2  | Reached skill level 8 in Summonings
 78081 | Snake:2  | Reached skill level 4 in Invocations
 79078 | Snake:3  | Noticed Wiglaf
 79562 | Snake:3  | Reached skill level 5 in Invocations
 79593 | Snake:3  | Noticed Nikola
 79825 | Snake:2  | HP: 24/85 [anaconda (3)]
 79829 | Snake:2  | HP: 11/85 [anaconda (3)]
 79832 | Snake:2  | HP: 5/85 [anaconda (3)]
 79832 | Snake:2  | HP: 2/85 [anaconda (3)]
 79834 | Snake:2  | Slain by an anaconda
 79835 | Snake:2  | Reached XP level 16. HP: -1/81 MP: 3/35
 80347 | Snake:3  | HP: 20/81 [naga warrior/battleaxe (6)]
 80350 | Snake:3  | HP: 8/81 [naga warrior/battleaxe (6)]
 80698 | Snake:3  | HP: 16/81 [Nikola/chain lightning (33)]
 80698 | Snake:3  | Killed from afar by Nikola

Vault maps used:
D:1:      grunt_arrival_crossed_arrows, lemuel_another_geyser
D:2:      old_standard_altar, lemuel_crystal_altar
D:3:      gup_sewer_entry_glass, uniq_crazy_yiuf_cottage, uniq_sigmund
D:4:      minitemple, serial_shops, shop,
          nicolae_gozag_cash_rules_everything_around_me
D:5:      minmay_temple_entry_enclosed_plants, serial_shops, shop, first_bread,
          cheibriados_altar_1
D:8:      grunt_livestock, nicolae_ru_the_path_less_chosen
D:9:      serial_glass, glass_columns_b, glass_columns_a,
          johnstein_pakellas_shop
D:10:     hiddenorc2_lemuel
D:11:     lair_0_dummy, hangedman_decor_clover_reticule,
          minmay_item_behind_shaft, uniq_josephine, uniq_maurice
D:12:     due_megacathedral, serial_shops, shop
D:13:     evilmike_iron_armoury, david_vaults_2, serial_shops,
          nicolae_shop_stone, minmay_crystal_water
D:14:     minmay_crystal_room
D:15:     grunt_enter_depths_hoard, roderic_aztec_sauvastika, uniq_agnes,
          uniq_azrael
Temple:   eino_temple_water_12
Lair:1:   kennysheep_abandoned_house
Lair:2:   st_stairs_5, ldierk_geyser, wad_woods_road_01,
          nicolae_quartered_pool_little, nicolae_lair_grove_arrangements,
          uniq_erica
Lair:3:   minmay_holes, minivault_24, st_stairs_3, grunt_forest_stairs_clearing,
          infiniplex_staircase_pool, uniq_rupert
Lair:4:   mu_elephants_graveyard, minmay_snake_entry_guardpost_small
Lair:6:   nicolae_swamp_entry_splash_gauntlet, st_stairs_10, roderic_batcave,
          kennysheep_basilisk_garden, lemuel_fruit_tree, serial_bayou_shore_b
Lair:7:   slime_altar_1
Lair:8:   evilmike_catoblepas_cave, lemuel_fruit_fields
Swamp:1:  evilmike_swamp_ruin_rubble_1, uniq_frances
Swamp:2:  nicolae_swamp_dense_foliage, swamp_pool4
Swamp:3:  hangedman_swamp_lotus
Swamp:4:  grunt_swamp_rune_castle
Snake:1:  uniq_donald
Snake:2:  uniq_aizul, uniq_nikola
Snake:3:  uniq_wiglaf
Orc:1:    serial_shops, nicolae_shop_competitors_out_of_business,
          portal_ice_cave_entry_pillars_01
Orc:2:    nicolae_orc_tapped_out
Orc:3:    nicolae_orc_pool_cavern
Orc:4:    pubby_orc_utopia, uniq_nessos
Sewer:    sewer_kobolds
IceCv:    ice_cave_statue_garden_02

Action                   |  1- 3 |  4- 6 |  7- 9 | 10-12 | 13-15 | 16-18 || total
-------------------------+-------+-------+-------+-------+-------+-------++-------
Melee: Unarmed           |    21 |    13 |    50 |    71 |   312 |   173 ||   640
 Cast: Magic Dart        |    54 |    36 |    27 |    65 |    73 |     6 ||   261
       Flame Tongue      |    32 |   100 |   339 |   539 |   334 |    40 ||  1384
       Conjure Flame     |       |     3 |    42 |   133 |    57 |    30 ||   265
       Dazzling Spray    |       |       |    32 |   105 |    67 |   147 ||   351
       Sticky Flame      |       |       |     4 |   136 |   143 |   136 ||   419
       Fireball          |       |       |       |   156 |   523 |   410 ||  1089
       Bolt of Magma     |       |       |       |       |    36 |    53 ||    89
       Bolt of Fire      |       |       |       |       |       |     3 ||     3
       Apportation       |       |       |       |       |       |     1 ||     1
       Phase Shift       |       |       |       |       |       |     1 ||     1
Invok: Channel Energy    |       |       |    31 |   160 |   140 |    82 ||   413
Evoke: Wand              |       |       |       |     3 |     5 |     2 ||    10
  Use: Scroll            |    10 |     1 |    15 |    15 |     5 |     7 ||    53
       Potion            |       |       |     3 |     3 |     1 |     3 ||    10
 Stab: Sleeping          |     1 |       |       |       |     1 |       ||     2
       Invisible         |       |       |     2 |     1 |     1 |     9 ||    13
       Distracted        |       |       |       |       |     1 |       ||     1
  Eat: Chunk             |    11 |     6 |    22 |   132 |   192 |    89 ||   452
       Beef jerky        |       |       |       |       |       |     4 ||     4
       Meat ration       |       |       |       |       |       |     3 ||     3
       Royal jelly       |       |       |       |       |       |     1 ||     1
       Pizza             |       |       |       |       |       |     1 ||     1

Table legend:
 A = Turns spent in this place as a percentage of turns spent in the entire game.
 B = Non-inter-level travel turns spent in this place as a percentage of non-inter-level travel turns spent in the entire game.
 C = Inter-level travel turns spent in this place as a percentage of turns spent in this place.
 D = Turns resting spent in this place as a percentage of non-inter-level travel turns spent in this place.
 E = Turns spent auto-exploring this place as a percentage of non-inter-level travel turns spent in this place.
 F = Non-inter-level travel turns spent in this place divided by the number of levels of this place that you've seen.
                   A       B       C       D       E      F
               +-------+-------+-------+-------+-------+----------------------
         Total | 100.0 | 100.0 |   0.5 |   7.2 |   3.2 | 616.0
       Dungeon |  41.2 |  41.2 |   0.6 |   7.1 |   3.9 | 625.3
        Temple |   0.2 |   0.2 |   1.9 |   0.0 |   0.0 |  52.0
          Lair |  25.6 |  25.6 |   0.5 |   6.9 |   3.3 | 728.8
         Swamp |  11.5 |  11.6 |   0.5 |  11.2 |   2.6 | 658.2
     Snake Pit |   8.2 |   8.2 |   0.8 |   8.7 |   3.3 | 621.0
  Orcish Mines |  11.4 |  11.4 |   0.4 |   3.1 |   1.8 | 648.0
         Sewer |   1.4 |   1.4 |   0.0 |   5.1 |   0.3 | 311.0
      Ice Cave |   0.6 |   0.6 |   0.0 |   8.3 |   0.8 | 132.0
               +-------+-------+-------+-------+-------+----------------------

Vault maps used:
D:1:      grunt_arrival_crossed_arrows, lemuel_another_geyser
D:2:      old_standard_altar, lemuel_crystal_altar
D:3:      gup_sewer_entry_glass, uniq_crazy_yiuf_cottage, uniq_sigmund
D:4:      minitemple, serial_shops, shop,
          nicolae_gozag_cash_rules_everything_around_me
D:5:      minmay_temple_entry_enclosed_plants, serial_shops, shop, first_bread,
          cheibriados_altar_1
D:8:      grunt_livestock, nicolae_ru_the_path_less_chosen
D:9:      serial_glass, glass_columns_b, glass_columns_a,
          johnstein_pakellas_shop
D:10:     hiddenorc2_lemuel
D:11:     lair_0_dummy, hangedman_decor_clover_reticule,
          minmay_item_behind_shaft, uniq_josephine, uniq_maurice
D:12:     due_megacathedral, serial_shops, shop
D:13:     evilmike_iron_armoury, david_vaults_2, serial_shops,
          nicolae_shop_stone, minmay_crystal_water
D:14:     minmay_crystal_room
D:15:     grunt_enter_depths_hoard, roderic_aztec_sauvastika, uniq_agnes,
          uniq_azrael
Temple:   eino_temple_water_12
Lair:1:   kennysheep_abandoned_house
Lair:2:   st_stairs_5, ldierk_geyser, wad_woods_road_01,
          nicolae_quartered_pool_little, nicolae_lair_grove_arrangements,
          uniq_erica
Lair:3:   minmay_holes, minivault_24, st_stairs_3, grunt_forest_stairs_clearing,
          infiniplex_staircase_pool, uniq_rupert
Lair:4:   mu_elephants_graveyard, minmay_snake_entry_guardpost_small
Lair:6:   nicolae_swamp_entry_splash_gauntlet, st_stairs_10, roderic_batcave,
          kennysheep_basilisk_garden, lemuel_fruit_tree, serial_bayou_shore_b
Lair:7:   slime_altar_1
Lair:8:   evilmike_catoblepas_cave, lemuel_fruit_fields
Swamp:1:  evilmike_swamp_ruin_rubble_1, uniq_frances
Swamp:2:  nicolae_swamp_dense_foliage, swamp_pool4
Swamp:3:  hangedman_swamp_lotus
Swamp:4:  grunt_swamp_rune_castle
Snake:1:  uniq_donald
Snake:2:  uniq_aizul, uniq_nikola
Snake:3:  uniq_wiglaf
Orc:1:    serial_shops, nicolae_shop_competitors_out_of_business,
          portal_ice_cave_entry_pillars_01
Orc:2:    nicolae_orc_tapped_out
Orc:3:    nicolae_orc_pool_cavern
Orc:4:    pubby_orc_utopia, uniq_nessos
Sewer:    sewer_kobolds
IceCv:    ice_cave_statue_garden_02
